 Dungeon Crawl Stone Soup version 0.17-a0-1945-gfe993df (webtiles) character file.

56 ololoev the Slasher (level 3, 5/26 HPs)
             Began as a High Elf Fighter on Sept 30, 2015.
             Quit the game on level 3 of the Dungeon.
             The game lasted 00:03:49 (442 turns).

ololoev the Slasher (High Elf Fighter)               Turns: 442, Time: 00:03:50

Health: 5/26       AC:  6    Str: 16    XL:     3   Next: 69%
Magic:  4/4        EV: 11    Int: 11    God:
Gold:   86         SH:  9    Dex: 20    Spells: 0 memorised, 2 levels left

rFire  + . .     SeeInvis .     a - +0 long sword
rCold  . . .     Clarity  .     b - +0 scale mail
rNeg   . . .     SustAt   .     c - +0 shield
rPois  .         Gourm    .     (no helmet)
rElec  .         Spirit   .     (no cloak)
rCorr  .         Warding  .     (no gloves)
rMut   .         Stasis   .     (no boots)
MR     .....                    (no amulet)
Stlth  +.........               (no ring)
                                j - ring of protection from fire

@: agile, lethally poisoned (5 -> 0), not resistant to hostile enchantments,
very unstealthy
A: no striking features
a: no special abilities

Inventory:

Hand weapons
 a - a +0 long sword (weapon)
Armour
 b - a +0 scale mail (worn)
 c - a +0 shield (worn)
Jewellery
 j - a ring of protection from fire (left hand)
Magical devices
 d - a wand of magic darts (41)
Scrolls
 f - a scroll of immolation {unknown}
 g - a scroll of fog {unknown}
 h - 5 scrolls of identify {unknown}
 i - a scroll of teleportation {unknown}
 n - a scroll of recharging {unknown}
Comestibles
 e - 3 bread rations
 k - a chunk of flesh
 l - a meat ration


   Skills:
 + Level 3.3 Fighting
 * Level 4.1 Long Blades
 + Level 3.1 Armour
 - Level 2.6 Shields


You had 2 spell levels left.
You didn't know any spells.


You were on level 3 of the Dungeon.
You were not hungry.

You visited 1 branch of the dungeon, and saw 3 of its levels.

You collected 86 gold pieces.

######### .......#
......# .###.#..# ...
....# .### #..#
.#?#.#.@# ..
.###.#.o######...
......o........ .####
.###{#.)#...... ....
?...o.....#######.###
.........######.....
....####...†....#.######
...o ####.............
... #(....#####..#####

Notes
Turn   | Place    | Note
--------------------------------------------------------------
     0 | D:1      | ololoev the High Elf Fighter began the quest for the Orb.
     0 | D:1      | Reached XP level 1. HP: 16/16 MP: 2/2
   212 | D:3      | Noticed shakdrar's ghost (average FoFi)
   224 | D:2      | Reached XP level 2. HP: 15/21 MP: 3/3
   374 | D:2      | Reached XP level 3. HP: 11/26 MP: 4/4
   431 | D:3      | Noticed an orc wizard
   433 | D:3      | Noticed an orc wizard
   433 | D:3      | Noticed an orc wizard
   437 | D:3      | Reached skill level 4 in Long Blades
   442 | D:3      | Quit the game

Dungeon Overview and Level Annotations

Branches:
Dungeon (3/15)

Altars:

Annotations:
D:3 shakdrar's ghost, average FoFi


Message History

An orc wizard comes into view. It is wielding a dagger.
The orc wizard shouts!
An orc comes into view.
You see here a club.
The orc shouts! 2 orc wizards come into view.
The orc wizard mumbles some strange words.
The orc wizard flickers and vanishes!
Deactivating autopickup; reactivate with Ctrl-A.
You see here a gold wand.
d - a wand of magic darts The orc wizard shouts! x2
You block the adder's attack.
You completely miss the adder. The adder bites you but does no damage.
The adder bites you.
You are poisoned.
The adder poisons you!
An orc comes into view. It is wielding a whip.
The orc shouts!
You slice the adder!!
You kill the adder!
Your Long Blades skill increases to level 4!
You feel sick.
You barely miss the giant gecko.
You feel sick. The giant gecko barely misses you.
You block the giant gecko's attack.
Drink which item? (? for menu, Esc to quit)
It was a potion of agility.
You feel agile all of a sudden. You block the giant gecko's attack.
You hit the giant gecko.
The giant gecko is almost dead.
You feel sick. The giant gecko barely misses you. The orc closely misses you.
You slash the giant gecko!
You kill the giant gecko!
You feel a little less mighty now.
The orc wizard mumbles some strange words.
The orc wizard flickers and vanishes!
The orc hits you.
You hear some strange, mumbled words.
Something tries to affect you, but you resist.
Are you sure you want to abandon this character and quit the game? (Confirm with "yes".)

You could see an orc wizard and 2 orcs.

Vanquished Creatures
  4 adders
  A giant gecko (D:3)
  2 bats
  2 giant cockroaches
  5 hobgoblins
  5 rats
19 creatures vanquished.

Action                   || total
-------------------------++-------
Melee: Long sword        ||    64
  Use: Potion            ||     2

Vault maps used:
D:1:      dpeg_arrival_rooms_b, minmay_misc_feat_rows, kennysheep_minor_cross
D:2:      uniq_robin
D:3:      lightli_temple_of_fire, nicolae_overflow_hidden_temple,
          ecumenical_altar_1, minmay_surrounded, uniq_iyjb, uniq_natasha
